 Dungeon Sprint DCSS version 0.31-a0-142-g31f6795574 (webtiles) character file.

Game seed: 8886245808414257733

377 rocky1 the Cleaver (level 7, -13/60 HPs)
             Began as a Formicid Fighter on June 4, 2023.
             Was a Follower of Okawaru.
             Killed from afar by a merfolk aquamancer (33 damage)
             ... with a shard of ice
             ... in the Dungeon (Sprint VII: "The Pits").
             The game lasted 00:01:43 (529 turns).

rocky1 the Cleaver (Formicid Fighter)                Turns: 529, Time: 00:01:43

Health: -13/60     AC: 12    Str: 22    XL:     7   Next: 4%
Magic:  8/10       EV: 12    Int:  8    God:    Okawaru [*.....]
Gold:   0          SH:  7    Dex: 13    Spells: 6/6 levels left

rFire   . . .        a - +0 war axe
rCold   . . .        c - +0 buckler
rNeg    . . .        k - +3 scale mail
rPois   .            (helmet unavailable)
rElec   .            (no cloak)
rCorr   .            (no gloves)
SInv    +            (no boots)
Will    .....        (no amulet)
Stlth   +            (no ring)
HPRegen 0.30/turn    (no ring)
MPRegen 0.12/turn

%: no passive effects
@: mighty, heroic
A: permanent stasis, dig shafts and tunnels, antennae 3, four strong arms
a: Dig, Renounce Religion, Heroism


You were in the Dungeon.
You worshipped Okawaru.
Okawaru was aware of your devotion.
You visited 1 branch

Inventory:

Hand Weapons
 a - a +0 war axe (weapon)
Missiles
 l - 7 poisoned darts
Armour
 b - a +0 scale mail
 c - a +0 buckler (worn)
 k - a +3 scale mail (worn)
Scrolls
 h - a scroll of blinking
 j - 5 scrolls of amnesia
Potions
 e - 6 potions of curing
 f - 5 potions of heal wounds
 g - 4 potions of magic
 i - 2 potions of invisibility


   Skills:
 + Level 7.3(12.3) Fighting
 * Level 8.7(13.7) Axes
 + Level 7.3(12.3) Armour
 + Level 8.7(13.7) Shields
 + Level 4.7 Invocations


You had 6 spell levels left.
You didn't know any spells.
Your spell library was empty.

Dungeon Overview and Level Annotations

Branches:
Dungeon (1/1)

Altars:
Ashenzari
Cheibriados
Dithmenos
Elyvilon
Fedhas
Gozag
Hepliaklqana
Kikubaaqudgha
Makhleb
Nemelex Xobeh
Okawaru
Qazlal
Ru
Sif Muna
Trog
Uskayaw
Vehumet
Wu Jian
Xom
Yredelemnul
Zin
The Shining One
Jiyva
Lugonu


Innate Abilities, Weirdness & Mutations

You cannot be hasted, slowed, berserked, paralysed or teleported.
You can dig through walls and to a lower floor.
You have a pair of large antennae on your head. (SInv)
Your four strong arms can wield two-handed weapons with a shield.


Message History

You start waiting.
Done waiting.
You open the door.
An orc comes into view. It is wielding a +0 hand axe.
The orc shouts!
You slash the orc!
You kill the orc!
Okawaru accepts your kill.
There is an open door here.
Things that are here:
a +0 hand axe; an orc corpse You open the door.
A merfolk aquamancer comes into view. It is wielding a +0 rapier.
The merfolk aquamancer casts a spell at you.
The shard of ice hits you!!
Unknown command.
You gain the combat prowess of a mighty hero.
You feel very mighty all of a sudden.
The merfolk aquamancer points at you and mumbles some strange words.
The shard of ice hits you!!!
Ouch! That really hurt!
* * * LOW HITPOINT WARNING * * *
Unknown command.
You feel much better.
The merfolk aquamancer hits you with a +0 rapier!
Unknown command.
You miss the merfolk aquamancer.
The merfolk aquamancer hits you but does no damage.
You slice the merfolk aquamancer!!
The merfolk aquamancer is moderately wounded.
The merfolk aquamancer hits you but does no damage.
You barely miss the merfolk aquamancer.
The merfolk aquamancer is moderately wounded.
The merfolk aquamancer hits you with a +0 rapier!
You closely miss the merfolk aquamancer.
The merfolk aquamancer is moderately wounded.
The merfolk aquamancer casts a spell at you.
The shard of ice hits you!!
Ouch! That really hurt!
You die...

#.#..#[))).##.......#
#'###########.......#
#รท).....#{{
######### #..#.#..#{
#.##.##.#{ {
#.......#+# {
#.##.##.#.+ {
#..#.#..#m# {
#.......)@# {
###########


You could see a merfolk aquamancer.

Vanquished Creatures
  A floating eye (D)
  An ice beast (D)
  A kobold brigand (D)
  A jelly (D)
  Jessica (D)
  An iguana (D)
  An adder (D)
  A river rat (D)
  An orc (D)
  An endoplasm (D)
  A goblin (D)
  8 jackals (D)
  A ball python skeleton (D)
  A kobold (D)
21 creatures vanquished.

Notes
Turn   | Place    | Note
-------+----------+-------------------------------------------
     0 | D        | rocky1 the Formicid Fighter began the quest for the Orb.
     0 | D        | Reached XP level 1. HP: 18/18 MP: 1/1
    22 | D        | Found a bloodstained altar of Trog.
    22 | D        | Found a shimmering blue altar of Sif Muna.
    22 | D        | Found a viscous altar of Jiyva.
    22 | D        | Found a hazy altar of Hepliaklqana.
    22 | D        | Found an opulent altar of Gozag.
    23 | D        | Found a glowing golden altar of the Shining One.
    23 | D        | Found a glowing silver altar of Zin.
    23 | D        | Found a basalt altar of Yredelemnul.
    23 | D        | Found a shimmering altar of Xom.
    23 | D        | Found an ornate altar of the Wu Jian Council.
    23 | D        | Found a sacrificial altar of Ru.
    23 | D        | Found a stormy altar of Qazlal.
    23 | D        | Found an iron altar of Okawaru.
    23 | D        | Found a sparkling altar of Nemelex Xobeh.
    23 | D        | Found a burning altar of Makhleb.
    23 | D        | Found a blossoming altar of Fedhas.
    23 | D        | Found a white marble altar of Elyvilon.
    23 | D        | Found a shadowy altar of Dithmenos.
    23 | D        | Found a snail-covered altar of Cheibriados.
    26 | D        | Found a corrupted altar of Lugonu.
    26 | D        | Found a radiant altar of Vehumet.
    27 | D        | Found an ancient bone altar of Kikubaaqudgha.
    27 | D        | Found a hide-covered altar of Uskayaw.
    27 | D        | Found a broken altar of Ashenzari.
    31 | D        | Became a worshipper of Warmaster Okawaru
    76 | D        | Reached XP level 2. HP: 23/25 MP: 2/2
    91 | D        | Noticed a floating eye
    96 | D        | Killed a floating eye
    97 | D        | Reached skill level 5 in Fighting
    97 | D        | Reached skill level 5 in Armour
    97 | D        | Reached XP level 3. HP: 33/33 MP: 3/3
    97 | D        | Reached XP level 4. HP: 39/39 MP: 4/4
    97 | D        | Reached XP level 5. HP: 44/44 MP: 5/5
   105 | D        | Noticed Jessica
   116 | D        | Killed Jessica
   117 | D        | Reached skill level 1 in Invocations
   271 | D        | Noticed a kobold brigand
   285 | D        | Killed a kobold brigand
   285 | D        | Reached * piety under Okawaru
   286 | D        | Reached XP level 6. HP: 35/53 MP: 6/8
   291 | D        | Noticed an ice beast
   303 | D        | Killed an ice beast
   308 | D        | Reached XP level 7. HP: 29/60 MP: 8/10
   522 | D        | Noticed a merfolk aquamancer
   529 | D        | Killed from afar by a merfolk aquamancer

Illustrated notes

Levels and vault maps discovered:
D:        pitsprint [storerooms_1, entrance_room_1, metal_vault_6, armoury_1,
          mini_pit_1, grid_room_1, main_hall_1, silver_pit, the_coven_3,
          the_vestibule_1, steel_vault_1, golden_pit, hallway_of_sentries,
          crystal_vault_1, iron_vault_1, final_vault]

Skill      XL: |  1  2  3  4  5  6 |
---------------+-------------------+-----
Axes           | 3 6 7 8 |  8.7
Fighting       | 5 6 7 |  7.3
Armour         | 5 6 7 |  7.3
Shields        | 6 7 8 |  8.7
Invocations    | 3 4 |  4.7

Action                     |  1- 3 |  4- 6 |  7- 9 || total
---------------------------+-------+-------+-------++-------
  Melee: War axe           |    21 |    39 |     6 ||    66
 Invoke: Heroism           |       |       |     1 ||     1
    Use: Potion            |       |       |     2 ||     2
 Armour: Scale mail        |    22 |    25 |     2 ||    49
  Dodge: Dodged            |    12 |    17 |       ||    29
  Block: Buckler           |     6 |    16 |       ||    22

Table legend: (Time is in decaauts)
 A = Elapsed time spent in this place.
 B = Non-inter-level travel time spent in this place.
 C = Inter-level travel time spent in this place.
 D = Time resting spent in this place.
 E = Time spent auto-exploring this place.
 F = Levels seen in this place.
 G = Mean time per level.
                   A        B        C        D        E       F      G
               +--------+--------+--------+--------+--------+-----+--------+
         Total |    544 |    524 |     20 |    290 |      0 |   1 |  544.0 |
       Dungeon |    544 |    524 |     20 |    290 |      0 |   1 |  544.0 |
               +--------+--------+--------+--------+--------+-----+--------+

Top non-repeatable levels by time:
       D: 544 daAuts
